 Dungeon Crawl Stone Soup version 0.21-a0-401-g0b6bec4 (webtiles) character file.

8187 theclanless the Cruncher (level 11, -15/57 HPs)
             Began as a Vine Stalker Gladiator on Oct 25, 2017.
             Was a Priest of Wu Jian.
             Demolished by a freezing wraith (18 damage)
             ... led by a death knight
             ... on level 10 of the Dungeon.
             The game lasted 00:34:34 (6463 turns).

theclanless the Cruncher (Vine Stalker Gladiator)   Turns: 6463, Time: 00:34:35

Health: -15/57     AC: 11    Str: 23    XL:     11   Next: 26%
Magic:  0/34       EV: 21    Int: 14    God:    Wu Jian [***...]
Gold:   544        SH:  0    Dex: 22    Spells: 26/26 levels left

rFire    + . .     SeeInvis .   a - +1 quarterstaff
rCold    . . .     Gourm    .   (shield currently unavailable)
rNeg     . . .     Faith    .   N - +0 ring mail (curse)
rPois    +         Spirit   +   M - +3 hat of Pondering {ponderous, MR+ MP+10 Int+5}
rElec    .         Reflect  .   (no cloak)
rCorr    .         Harm     .   (no gloves)
MR       +....     Rnd*Rage +   (no boots)
Stlth    ++........             (no amulet)
HPRegen  0.59/turn              e - ring of poison resistance
MPRegen  0.24/turn              (no ring)

@: mighty, agile, vulnerable, hasted, very quick
A: fangs 3, iridescent scales 1, berserk 1, fire resistance 1, regeneration 1,
magic shield, antimagic bite, no potion heal 3, rot immunity
a: Renounce Religion


You were on level 10 of the Dungeon.
You worshipped Wu Jian.
Wu Jian was most pleased with you.
You were hungry.

You visited 2 branches of the dungeon, and saw 11 of its levels.

You collected 544 gold pieces.

Inventory:

Hand Weapons
 a - a +1 quarterstaff (weapon)
 b - a +0 fustibalus
 l - a +2 hunting sling of velocity
Missiles
 d - a throwing net (quivered)
 p - 198 stones
 q - 16 tomahawks
 w - 2 javelins
 G - 5 tomahawks of returning
Armour
 c - a +1 helmet
 D - a +2 robe of cold resistance
 M - the +3 hat of Pondering (worn) {ponderous, MR+ MP+10 Int+5}
   (You took it off Gastronok on level 9 of the Dungeon)

   It affects your intelligence (+5).
   It affects your resistance to hostile enchantments.
   It affects your magic capacity (+10).
 N - a cursed +0 ring mail (worn)
Jewellery
 e - a ring of poison resistance (left hand)
Wands
 v - a wand of digging (18/24)
 z - a wand of flame (12/48)
 B - a wand of random effects (22/48)
 C - a wand of iceblast (8/15)
 H - a wand of scattershot (5/9)
 J - a wand of acid (12/15)
 L - a wand of acid (8/15)
 P - a wand of polymorph (2/24)
 R - a wand of digging (18/24)
Scrolls
 k - 6 scrolls of teleportation
 s - 5 scrolls of remove curse
 y - a scroll of amnesia
 A - 2 scrolls of immolation
 K - a scroll of fear
Potions
 h - 2 potions of resistance
 j - a potion of haste
 m - a potion of magic
 o - a potion of invisibility
 u - 2 potions of curing
 E - a potion of cancellation
 F - a potion of brilliance
 O - a potion of lignification
Books
 i - a book of Conjurations

   Spells                             Type                      Level
   a - Magic Dart                     Conjuration                  1
   b - Searing Ray                    Conjuration                  2
   c - Dazzling Spray                 Conjuration/Hexes            3
   d - Fulminant Prism                Conjuration/Hexes            4
   e - Force Lance                    Conjuration/Translocation    4
   f - Iskenderun's Mystic Blast      Conjuration                  4
 I - a book of Debilitation

   Spells                             Type                      Level
   a - Corona                         Hexes                        1
   b - Slow                           Hexes                        2
   c - Inner Flame                    Hexes/Fire                   3
   d - Portal Projectile              Hexes/Translocation          3
   e - Cause Fear                     Hexes                        4
   f - Leda's Liquefaction            Hexes/Earth                  4
Miscellaneous
 Q - a phantom mirror
Comestibles
 f - 6 bread rations
 g - 3 meat rations
 n - 23 fruits
 x - 9 royal jellies


   Skills:
 + Level 6.3 Fighting
 * Level 9.0 Staves
 - Level 2.0 Throwing
 + Level 5.4 Armour
 + Level 6.0 Dodging
 + Level 8.4 Spellcasting
   Level 1.4 Invocations


You had 26 spell levels left.
You didn't know any spells.

Dungeon Overview and Level Annotations

Branches:
Dungeon (10/15)            Temple (1/1) D:5            Lair (0/6) D:9
    Orc: D:9-12

Altars:
Ashenzari
Cheibriados
Dithmenos
Elyvilon
Fedhas
Gozag
Hepliaklqana
Kikubaaqudgha
Makhleb
Nemelex Xobeh
Okawaru
Qazlal
Ru
Sif Muna
Trog
Uskayaw
Vehumet
Wu Jian
Xom
Zin
The Shining One

Shops:
D:5 :

Annotations:
D:9 Prince Ribbit


Innate Abilities, Weirdness & Mutations

You have razor-sharp teeth.
Your natural rate of healing is unusually fast.
When hurt, damage is shared between your health and your magic reserves.
Your bite disrupts and absorbs the magic of your enemies.
Potions cannot restore your health.
You are immune to rotting.
You are partially covered in iridescent scales. (AC +2)
You tend to lose your temper in combat.
Your flesh is heat resistant. (rF+)


Message History

You sock the death knight! Your bite misses the death knight.
The death knight is almost dead.
You hit the death knight.
The death knight is almost dead.
You spin and attack the freezing wraith repeatedly.
You bludgeon the freezing wraith!! Your bite misses the freezing wraith.
The freezing wraith is heavily damaged.
You hit the freezing wraith. Your bite misses the freezing wraith.
The freezing wraith is heavily damaged.
The phantasmal warrior blinks!
The crimson imp blinks!
Unknown command.
You spin and attack the death knight.
You bludgeon the death knight!!
You kill the death knight!
The Council accepts your kill.
Your Staves skill increases to level 9!
You spin and attack the freezing wraith.
You barely miss the freezing wraith.
The freezing wraith is heavily damaged.
The freezing wraith hits you. The freezing wraith freezes you!!
You die...

.##############...
..................
.....<.......###
###########..# #..#
#######..#
.........############
...........W.........
#####......)@§.§.....
#............5...
#................
#########.......W........
.......>.................
.........................
........................?
.......###############...
.......# ..


You could see a phantasmal warrior, a freezing wraith and a crimson imp.

Vanquished Creatures
  Gastronok (D:9)
  A death knight (D:10)
  A two-headed ogre (D:7)
  Pikel (D:7)
  The ghost of Hector the Thaumaturge, a novice GnWz (D:6)
  A hippogriff (D:7)
  Eustachio (D:4)
  A wraith (D:10)
  4 hogs (D:9)
  A human (D:9)
  Menkaure (D:7)
  Duvessa (D:4)
  A water moccasin (D:6)
  2 slaves (D:7)
  A phantom (D:4)
  A sky beast (D:4)
  A necrophage (D:10)
  2 orc warriors
  5 ogres
  2 black bears
  3 centaurs
  5 bullfrogs
  Dowan (D:4)
  A scorpion (D:8)
  3 crimson imps
  2 howler monkeys (D:7)
  A centaur zombie (D:8)
  3 hounds
  A jelly (D:7)
  8 orc priests
  2 centaur skeletons
  3 bullfrog skeletons
  Natasha (thrice) (D:4)
  An iguana (D:7)
  10 orc wizards
  5 worker ants
  A hound zombie (D:8)
  12 adders
  A howler monkey skeleton (D:4)
  2 oozes
  2 adder zombies
  5 worms
  2 dart slugs
  5 leopard geckos
  39 orcs
  5 giant cockroaches
  12 goblins
  10 hobgoblins
  19 jackals
  8 kobolds
  5 quokkas
  12 bats
  8 frilled lizards
  A jackal skeleton (D:4)
  5 rats
236 creatures vanquished.

Notes
Turn   | Place    | Note
-------+----------+-------------------------------------------
     0 | D:1      | theclanless the Vine Stalker Gladiator began the quest for the Orb.
     0 | D:1      | Reached XP level 1. HP: 11/11 MP: 2/2
    87 | D:1      | Reached XP level 2. HP: 7/15 MP: 3/3
   210 | D:1      | Reached skill level 3 in Staves
   252 | D:1      | Reached skill level 1 in Spellcasting
   382 | D:1      | Reached XP level 3. HP: 18/18 MP: 5/5
   668 | D:2      | Found a faded altar of an unknown god.
   696 | D:2      | Became a worshipper of Nemelex Xobeh the Trickster
   696 | D:2      | Received a gift from Nemelex Xobeh
   696 | D:2      | Reached * piety under Nemelex Xobeh
   696 | D:2      | Received a gift from Nemelex Xobeh
   847 | D:2      | Gained mutation: Your natural rate of healing is unusually fast. [Vine Stalker growth]
   847 | D:2      | Reached XP level 4. HP: 16/23 MP: 7/7
  1251 | D:3      | Reached skill level 1 in Invocations
  1260 | D:3      | Reached skill level 1 in Armour
  1262 | D:3      | Reached XP level 5. HP: 27/27 MP: 8/8
  1458 | D:3      | Received a gift from Nemelex Xobeh
  1519 | D:3      | Reached ** piety under Nemelex Xobeh
  1519 | D:3      | Found a sacrificial altar of Ru.
  1587 | D:3      | Found an ornate altar of the Wu Jian Council.
  1602 | D:3      | Fell from the grace of Nemelex Xobeh
  1602 | D:3      | Became a worshipper of the Wu Jian Council
  2126 | D:4      | Reached XP level 6. HP: 31/32 MP: 9/9
  2135 | D:4      | Reached * piety under Wu Jian
  2143 | D:4      | Reached skill level 4 in Staves
  2226 | D:4      | Noticed Duvessa
  2231 | D:4      | Noticed Dowan
  2237 | D:4      | Killed Duvessa
  2237 | D:4      | Reached XP level 7. HP: 31/36 MP: 8/12
  2246 | D:4      | Killed Dowan
  2281 | D:4      | Noticed Natasha
  2288 | D:4      | Killed Natasha
  2678 | D:4      | Noticed Natasha
  2686 | D:4      | Killed Natasha
  2743 | D:4      | Noticed Eustachio
  2758 | D:4      | Killed Eustachio
  2758 | D:4      | Reached skill level 5 in Staves
  2758 | D:4      | Gained mutation: You have razor-sharp teeth. [Vine Stalker growth]
  2758 | D:4      | Reached XP level 8. HP: 41/41 MP: 13/15
  2811 | D:4      | Noticed Natasha
  2815 | D:4      | Killed Natasha
  2928 | D:5      | Entered Level 5 of the Dungeon
  2958 | D:4      | Gained mutation: You are partially covered in thin metallic scales. (AC +2) [mutagenic meat]
  2959 | D:4      | Gained mutation: You are partially covered in large bone plates. (SH +4) [mutagenic meat]
  2960 | D:4      | Gained mutation: Armour fits poorly on your strangely shaped body. [mutagenic meat]
  3072 | D:5      | Found a staircase to the Ecumenical Temple.
  3085 | Temple   | Entered the Ecumenical Temple
  3160 | D:5      | Reached ** piety under Wu Jian
  3310 | D:5      | Noticed a minotaur
  3310 | D:5      | Noticed an orc knight
  3408 | D:5      | Found Feaso's Book Boutique.
  3553 | D:6      | Found a glowing silver altar of Zin.
  3680 | D:6      | Noticed Hector's ghost (novice GnWz)
  3730 | D:6      | Killed Hector's ghost
  3730 | D:6      | Reached skill level 6 in Staves
  3730 | D:6      | Reached skill level 5 in Spellcasting
  3730 | D:6      | Reached XP level 9. HP: 8/45 MP: 3/18
  3735 | D:6      | Found a deep blue altar of Sif Muna.
  3737 | D:6      | Found an ancient bone altar of Kikubaaqudgha.
  3737 | D:6      | Found a hide-covered altar of Uskayaw.
  4466 | D:7      | Noticed a two-headed ogre
  4487 | D:7      | Killed a two-headed ogre
  4487 | D:7      | Reached skill level 5 in Fighting
  4487 | D:7      | Reached skill level 7 in Staves
  4539 | D:7      | Noticed Pikel
  4547 | D:7      | Reached skill level 5 in Dodging
  4547 | D:7      | Reached XP level 10. HP: 34/51 MP: 16/21
  4600 | D:7      | Killed Pikel
  4600 | D:7      | Reached *** piety under Wu Jian
  4616 | D:7      | Found a white marble altar of Elyvilon.
  4654 | D:7      | Noticed Menkaure
  4659 | D:7      | Killed Menkaure
  5059 | D:8      | Lost mutation: You are partially covered in large bone plates. (SH +4) [potion of mutation]
  5059 | D:8      | Lost mutation: Armour fits poorly on your strangely shaped body. [potion of mutation]
  5059 | D:8      | Lost mutation: You are partially covered in thin metallic scales. (AC +2) [potion of mutation]
  5059 | D:8      | Gained mutation: Your magical capacity is low. (-10% MP) [potion of mutation]
  5059 | D:8      | Gained mutation: You are agile. (Dex +2) [potion of mutation]
  5507 | D:9      | Found a staircase to the Lair.
  5523 | D:9      | Reached skill level 8 in Staves
  5610 | D:9      | Noticed a two-headed ogre
  5847 | D:9      | Found a shadowy altar of Dithmenos.
  5852 | D:9      | Lost mutation: Your magical capacity is low. (-10% MP) [potion of mutation]
  5852 | D:9      | Lost mutation: You are agile. (Dex +2) [potion of mutation]
  5852 | D:9      | Gained mutation: You are partially covered in iridescent scales. (AC +2) [potion of mutation]
  5852 | D:9      | Gained mutation: You tend to lose your temper in combat. [potion of mutation]
  5852 | D:9      | Gained mutation: Your flesh is heat resistant. (rF+) [potion of mutation]
  5986 | D:9      | Noticed Prince Ribbit
  6162 | D:9      | Noticed Gastronok
  6182 | D:9      | HP: 2/53 [Gastronok (14)]
  6187 | D:9      | Killed Gastronok
  6187 | D:9      | Reached skill level 5 in Armour
  6187 | D:9      | Reached XP level 11. HP: 6/56 MP: 5/24
  6227 | D:9      | Found a stormy altar of Qazlal.
  6316 | D:10     | Entered Level 10 of the Dungeon
  6443 | D:10     | Noticed a death knight
  6445 | D:10     | Noticed a phantasmal warrior
  6461 | D:10     | HP: 2/56 [death knight/enchanted great sword (7)]
  6463 | D:10     | Killed a death knight
  6463 | D:10     | Reached skill level 9 in Staves
  6463 | D:10     | Demolished by a freezing wraith

Vault maps used:
D:1:      erik_arrival_triangle_small, minmay_split_cup_large
D:2:      chequers_ecumenical_altar_simple_redux, lightli_corner_chamber
D:3:      marbit_many_paths, nicolae_ru_sacrificial_ziggurat,
          grunt_ministairs_13, minmay_stone_trees_small, minmay_joined_circles
D:4:      first_bread, minivault_24, uniq_natasha, uniq_duvessa, uniq_eustachio
D:5:      lemuel_zombie_altar_yredelemnul, minmay_temple_entry_grid,
          serial_shops, nicolae_shop_statue_plus
D:6:      grunt_temple_overflow_diamond, kennysheep_little_box,
          grunt_ministairs_11, minmay_misc_feat_doors, dk_vineyard_3
D:7:      overflow_temple_1_default, grunt_tough_drop, uniq_pikel, uniq_menkaure
D:9:      nicolae_qazlal_eye_of_the_storm, nicolae_dithmenos_the_darkroom,
          grunt_livestock, uniq_gastronok, uniq_prince_ribbit1
D:10:     kennysheep_crisscross
Temple:   nicolae_temple_x_marks_the_god

Skill      XL: |  1  2  3  4  5  6  7  8  9 10 11 |
---------------+----------------------------------+-----
Fighting       | 2 3 4 5 6 |  6.3
Staves         | 3 4 5 6 7 8 9 |  9.0
Spellcasting   | 1 2 4 5 7 8 |  8.4
Throwing       | 2 |  2.0
Invocations    | 1 |  1.4
Armour         | 1 2 3 4 5 |  5.4
Dodging        | 3 4 5 6 |  6.0

Action                   |  1- 3 |  4- 6 |  7- 9 | 10-12 || total
-------------------------+-------+-------+-------+-------++-------
Melee: Quarterstaff      |   100 |   206 |   362 |   261 ||   929
       Bite              |    15 |    53 |   131 |    93 ||   292
Throw: Throwing net      |       |     1 |     1 |       ||     2
Evoke: Wand              |       |       |     5 |       ||     5
  Use: Scroll            |     3 |     7 |     3 |     7 ||    20
       Potion            |       |     2 |     4 |     8 ||    14
 Stab: Invisible         |       |     2 |       |       ||     2
  Eat: Chunk             |       |     5 |    12 |    11 ||    28
Armor: Leather armour    |     9 |       |       |       ||     9
       Ring mail         |    18 |    88 |    87 |    48 ||   241
Dodge: Dodged            |    65 |   160 |   164 |   118 ||   507
Block: Other             |       |       |    40 |     8 ||    48

Table legend:
 A = Spawn XP
 B = Non-spawn XP
 C = Spawn XP percentage of total XP
 D = Spawn monster count
 E = Non-spawn monster count
 F = Spawn count percentage of total count
 G = Total turns spent on level
                    A         B        C        D         E        F      G
               +---------+---------+-------+---------+---------+-------+---------
         Total |       0 |   11696 |   0.0 |       0 |     229 |   0.0 |  6463
               +---------+---------+-------+---------+---------+-------+---------
           D:1 |       0 |      36 |   0.0 |       0 |      22 |   0.0 |   590
           D:2 |       0 |      71 |   0.0 |       0 |      26 |   0.0 |   524
           D:3 |       0 |     184 |   0.0 |       0 |      47 |   0.0 |  1005
           D:4 |       0 |    1236 |   0.0 |       0 |      32 |   0.0 |   867
           D:5 |       0 |     279 |   0.0 |       0 |      14 |   0.0 |   438
           D:6 |       0 |    1219 |   0.0 |       0 |      21 |   0.0 |   936
           D:7 |       0 |    3170 |   0.0 |       0 |      26 |   0.0 |   474
           D:8 |       0 |     763 |   0.0 |       0 |      16 |   0.0 |   629
           D:9 |       0 |    3475 |   0.0 |       0 |      18 |   0.0 |   794
          D:10 |       0 |    1263 |   0.0 |       0 |       7 |   0.0 |   147
               +---------+---------+-------+---------+---------+-------+---------
